 Dungeon Crawl Stone Soup version 0.23.2-1-ga50397a (webtiles) character file.

Game seed: 10657372906931735269

3639 Kairos the Archer (level 9, 0/112 HPs)
             Began as a Centaur Hunter on Apr 23, 2019.
             Was an Initiate of Gozag.
             Succumbed to a hornet's poison
             ... on level 8 of the Dungeon.
             The game lasted 00:18:36 (9745 turns).

Kairos the Archer (Centaur Hunter)                  Turns: 9745, Time: 00:18:37

Health: 0/112      AC:  7    Str: 23    XL:     9   Next: 87%
Magic:  9/9        EV: 10    Int: 10    God:    Gozag
Gold:   558        SH:  0    Dex: 10    Spells: 8/8 levels left

rFire    . . .     SeeInvis .   l - +0 trident
rCold    . . .     Gourm    .   (no shield)
rNeg     . . .     Faith    .   c - +0 leather armour
rPois    .         Spirit   .   w - +0 helmet
rElec    .         Reflect  .   j - +0 cloak
rCorr    .         Harm     .   (no gloves)
MR       .....                  (no barding)
Stlth    ..........             t - amulet of magic regeneration
HPRegen  0.28/turn              i - ring of flight
MPRegen  0.36/turn              (no ring)

@: berserking (expiring), lethally poisoned (0 -> -8), gold aura, slowed, very
quick
A: large, hooves 3, deformed body, speed 2, tough skin 3
a: Potion Petition, Call Merchant, Bribe Branch, Renounce Religion, Evoke Flight


You were on level 8 of the Dungeon.
You worshipped Gozag.
Gozag was pleased with you.
You were not hungry.

You visited 2 branches of the dungeon, and saw 9 of its levels.

You collected 659 gold pieces.
You paid 101 gold pieces to Gozag.

Inventory:

Hand Weapons
 a - a +1 shortbow
 l - a +0 trident (weapon)
 x - a +1 whip of freezing
 A - a +0 whip of holy wrath
Missiles
 d - 42 arrows
 D - a throwing net
 F - 3 tomahawks (quivered)
 G - 8 steel javelins
Armour
 c - a +0 leather armour (worn)
 j - a +0 cloak (worn)
 w - a +0 helmet (worn)
 K - a +0 buckler
Magical Staves
 h - an uncursed staff of fire
Jewellery
 i - a ring of flight (left hand)
 t - an amulet of magic regeneration (around neck)
Wands
 n - a wand of random effects (8)
 v - a wand of acid (8)
 H - a wand of paralysis (10)
 I - a wand of flame (21)
 M - a wand of polymorph (12)
Scrolls
 b - 3 scrolls of enchant armour
 e - 9 scrolls of teleportation
 g - 3 scrolls of amnesia
 m - 4 scrolls of remove curse
 o - a scroll of enchant weapon
 p - 3 scrolls of immolation
 q - a scroll of fear
 s - 2 scrolls of blinking {unknown}
 y - 2 scrolls of fog {unknown}
 z - a scroll of random uselessness {unknown}
 L - a scroll of acquirement {unknown}
Potions
 k - a potion of heal wounds
 r - 2 potions of might
 u - 4 potions of curing
 B - a potion of agility
 C - a potion of mutation
 E - a potion of brilliance
 J - a potion of ambrosia {unknown}
Comestibles
 f - 13 rations


   Skills:
 + Level 5.9 Fighting
 + Level 0.3 Maces & Flails
 + Level 3.2 Polearms
 * Level 14.9 Bows
 + Level 2.4 Armour
 + Level 2.3 Dodging
 + Level 0.9 Stealth
 + Level 0.4 Evocations


You had 8 spell levels left.
You didn't know any spells.
Your spell library contained the following spells:

 Spells                   Type           Power        Failure   Level  Hunger
 Corona                   Hex            #......      41%         1    ##.....
 Ensorcelled Hibernation  Hex/Ice        #.....       54%         2    ###....
 Confuse                  Hex            #.......     78%         3    ####...
 Dazzling Spray           Conj/Hex       #.....       78%         3    ####...
 Tukima's Dance           Hex            #.......     78%         3    ####...


Dungeon Overview and Level Annotations

Branches:
Dungeon (8/15)             Temple (1/1) D:6
   Lair: D:8-11

Altars:
Ashenzari
Cheibriados
Dithmenos
Fedhas
Gozag
Hepliaklqana
Kikubaaqudgha
Makhleb
Nemelex Xobeh
Okawaru
Qazlal
Ru
Sif Muna
Trog
Uskayaw
Vehumet
Wu Jian
Xom
Yredelemnul
Zin
The Shining One

Annotations:
D:3 3 runed translucent doors, aelisj's ghost, amateur MfGl


Innate Abilities, Weirdness & Mutations

You have hooves in place of feet.
Armour fits poorly on your strangely shaped body.
You cover ground very quickly.
You have extremely tough skin. (AC +3)


Message History

The hornet is heavily wounded.
The hornet closely misses you.
You miss the hornet. Your kick misses the hornet.
The hornet is heavily wounded.
You feel sick. The hornet stings you!
* * * LOW HITPOINT WARNING * * *
You are more poisoned.
You feel as though you will be slow longer.
The hornet stings you!
* * * LOW HITPOINT WARNING * * *
You feel as though you will be slow longer.
You are too berserk!
You puncture the hornet! You kick the hornet.
You kill the hornet!
* * * LOW HITPOINT WARNING * * *
You feel sick.
You closely miss the worker ant.
You kick the worker ant, but do no damage.
You die...
Your body crumbles into a pile of gold.

### ####
#.###############
#.#.##.(.....a@......#
#.#....############.#
#.##...# #######.###
#.#.#.................#
## ##.#.###########.#.#
.#.## #...##.#.## .. #
#.#.......# #.
#......#..# ..
#..#####..#


You could see a worker ant.

Vanquished Creatures
  Pikel (D:7)
  A hornet (D:8)
  2 hippogriffs
  Duvessa (D:5)
  An orc warrior (D:6)
  A sky beast (D:5)
  A black bear (D:7)
  4 ice beasts
  3 ogres
  A slave (D:7)
  2 bullfrogs (D:7)
  Dowan (D:5)
  A water moccasin zombie (D:8)
  2 scorpions
  A howler monkey (D:7)
  4 crimson imps
  A quasit (D:7)
  3 bullfrog zombies
  4 hounds
  3 jellies
  A bullfrog skeleton (D:5)
  4 orc priests
  5 orc wizards
  4 worker ants
  A killer bee zombie (D:8)
  A worker ant zombie (D:6)
  Robin (D:3)
  3 howler monkey skeletons
  9 adders
  3 shadow imps
  3 oozes
  An adder skeleton (D:6)
  4 worms
  6 dart slugs
  6 leopard geckos
  26 orcs
  2 giant cockroaches
  13 goblins
  10 hobgoblins
  4 iguanas
  12 jackals
  5 kobolds
  3 quokkas
  A ball python (D:4)
  8 bats
  2 frilled lizards (D:1)
  A jackal skeleton (D:5)
  5 rats
182 creatures vanquished.

Vanquished Creatures (others)
  14 toadstools (D:1)
14 creatures vanquished.

Grand Total: 196 creatures vanquished

Notes
Turn   | Place    | Note
-------+----------+-------------------------------------------
     0 | D:1      | Kairos the Centaur Hunter began the quest for the Orb.
     0 | D:1      | Reached XP level 1. HP: 17/17 MP: 1/1
    81 | D:1      | Reached XP level 2. HP: 22/24 MP: 2/2
   124 | D:1      | Reached skill level 6 in Bows
   299 | D:1      | Reached XP level 3. HP: 29/29 MP: 3/3
  1124 | D:2      | Found a shimmering altar of Xom.
  1185 | D:2      | Reached XP level 4. HP: 36/37 MP: 4/4
  1276 | D:2      | Found a shimmering altar of Xom.
  1306 | D:2      | Reached skill level 7 in Bows
  1779 | D:2      | Reached XP level 5. HP: 45/45 MP: 5/5
  2019 | D:3      | Reached skill level 1 in Polearms
  2343 | D:3      | Found a runed translucent gate.
  2343 | D:3      | Found a runed translucent gate.
  2343 | D:3      | Found a runed translucent gate.
  2427 | D:3      | Noticed Robin
  2822 | D:3      | Noticed aelisj's ghost (amateur MfGl)
  3195 | D:3      | Reached XP level 6. HP: 51/51 MP: 6/6
  3214 | D:3      | Killed Robin
  3278 | D:4      | Reached skill level 1 in Armour
  3505 | D:3      | Reached skill level 8 in Bows
  3830 | D:4      | Found a hazy altar of Hepliaklqana.
  3830 | D:4      | Found a shadowy altar of Dithmenos.
  3835 | D:4      | Found a shattered altar of Ashenzari.
  3837 | D:4      | Found a bloodstained altar of Trog.
  3838 | D:4      | Found a snail-covered altar of Cheibriados.
  4014 | D:4      | Found a burning altar of Makhleb.
  4014 | D:4      | Found a radiant altar of Vehumet.
  4404 | D:5      | Entered Level 5 of the Dungeon
  4515 | D:5      | Reached XP level 7. HP: 47/57 MP: 7/7
  4972 | D:5      | Reached skill level 9 in Bows
  5862 | D:5      | Noticed Dowan
  5862 | D:5      | Noticed Duvessa
  5899 | D:5      | Killed Duvessa
  5899 | D:5      | Reached XP level 8. HP: 49/66 MP: 8/8
  5913 | D:5      | Killed Dowan
  5913 | D:5      | Reached skill level 10 in Bows
  6358 | D:5      | Found a hide-covered altar of Uskayaw.
  6606 | D:6      | Reached skill level 11 in Bows
  7059 | D:6      | Found a staircase to the Ecumenical Temple.
  7332 | D:6      | Reached skill level 12 in Bows
  7817 | Temple   | Entered the Ecumenical Temple
  7879 | Temple   | Became a worshipper of Gozag Ym Sagoz the Greedy
  7985 | D:7      | Noticed a hippogriff
  8316 | D:7      | Reached XP level 9. HP: 70/73 MP: 9/9
  8357 | D:7      | Reached skill level 13 in Bows
  8438 | D:7      | Reached skill level 5 in Fighting
  8798 | D:7      | Found a shadowy altar of Dithmenos.
  8923 | D:7      | Noticed Pikel
  8956 | D:7      | Killed Pikel
  8956 | D:7      | Reached skill level 14 in Bows
  9734 | D:8      | Paralysed by a hornet for 3 turns
  9743 | D:8      | HP: 2/112 [hornet (15)]
  9745 | D:8      | Succumbed to a hornet's poison

Skill      XL: |  1  2  3  4  5  6  7  8  9 |
---------------+----------------------------+-----
Bows           | 6 7 8 9 12 14 | 14.9
Fighting       | 3 4 5 |  5.9
Polearms       | 2 3 |  3.2
Armour         | 1 2 |  2.4
Dodging        | 2 |  2.3
Maces & Flails | |  0.3
Stealth        | |  0.9
Evocations     | |  0.4

Action                   |  1- 3 |  4- 6 |  7- 9 || total
-------------------------+-------+-------+-------++-------
Melee: Trident           |     5 |   211 |    36 ||   252
       Kick              |     2 |    42 |    11 ||    55
       Whip              |       |    11 |    14 ||    25
       Shortbow          |       |       |     2 ||     2
 Fire: Shortbow          |    88 |    34 |   454 ||   576
Invok: Potion Petition   |       |       |     1 ||     1
 Abil: Evoke Flight      |     1 |       |     2 ||     3
  Use: Potion            |       |     1 |     1 ||     2
       Scroll            |       |       |    14 ||    14
  Eat: Chunk             |       |     5 |     2 ||     7
       Ration            |       |     1 |     4 ||     5
Armor: Leather armour    |    10 |    71 |    59 ||   140
Dodge: Dodged            |    11 |    95 |    81 ||   187
